 Dungeon Sprint DCSS version 0.30-a0-223-gcb0039aa0c (webtiles) character file.

Game seed: 15224508956513322674

956 rocky1 the Carver (level 8, 0/67 HPs)
             Began as a Merfolk Gladiator on Oct 10, 2022.
             Was a Believer of Qazlal.
             Slain by a boulder beetle (23 damage)
             ... in the Dungeon (Sprint II: "The Violet Keep of Menkaure").
             The game lasted 00:05:43 (1024 turns).

rocky1 the Carver (Merfolk Gladiator)               Turns: 1024, Time: 00:05:44

Health: 0/67       AC:  4    Str: 14    XL:     8   Next: 14%
Magic:  12/12      EV: 24    Int:  7    God:    Qazlal [**....]
Gold:   686        SH:  3    Dex: 18    Spells: 7/7 levels left

rFire   . . .      SeeInvis .    a - +0 long sword
rCold   . . .      Faith    .    (no shield)
rNeg    . . .      Spirit   .    b - +0 leather armour
rPois   .          Reflect  .    c - +0 helmet
rElec   .          Harm     .    (no cloak)
rCorr   .          Rampage  .    (no gloves)
Will    .....      NoTele   +    (boots currently unavailable)
Stlth   ++........               (no amulet)
HPRegen 0.31/turn                (no ring)
MPRegen 0.13/turn                (no ring)

@: very quick
A: nimble swimmer 2, mertail
a: Renounce Religion, Upheaval


You were in the Dungeon.
You worshipped Qazlal.
Qazlal was pleased with you.
You visited 1 branch You collected 972 gold pieces.
You spent 286 gold pieces at shops.

Inventory:

Hand Weapons
 a - a +0 long sword (weapon)
Missiles
 d - 3 throwing nets (quivered)
 e - a javelin
Armour
 b - a +0 leather armour (worn)
 c - a +0 helmet (worn)
Scrolls
 k - a scroll of blinking
Potions
 f - 3 potions of curing
 g - 2 potions of heal wounds
 h - a potion of haste
 i - 2 potions of magic
 j - a potion of flight
 l - a potion of mutation


   Skills:
 + Level 7.0 Fighting
 + Level 12.7 Long Blades
 - Level 4.1 Throwing
 + Level 3.6 Armour
 + Level 12.5 Dodging
 + Level 1.1 Stealth
 * Level 6.1 Invocations


You had 7 spell levels left.
You didn't know any spells.
Your spell library was empty.

Dungeon Overview and Level Annotations

Branches:
Dungeon (1/1)

Altars:
Cheibriados
Dithmenos
Elyvilon
Fedhas
Gozag
Hepliaklqana
Kikubaaqudgha
Makhleb
Nemelex Xobeh
Okawaru
Qazlal
Ru
Sif Muna
Trog
Uskayaw
Vehumet
Wu Jian
Xom
Yredelemnul
Zin
The Shining One
Jiyva
Lugonu

Shops:
D [:?=:(*[![!=::=

Annotations:
D exclusions: obsidian statue, oklob plant and orange crystal statue


Innate Abilities, Weirdness & Mutations

You are very nimble when in or above water. (Stealth+, EV+, Speed+++)
Your lower body shifts to a powerful aquatic tail in water.


Message History

The boulder beetle curls into a ball and begins rolling!
There is an open door here.
You now have 686 gold pieces (gained 243).
You close the door.
You start resting.
HP restored.
You open the door.
There is an open door here.
Your legs become a tail as you enter the water.
The shining eye turns its gaze towards you.
The boulder beetle curls into a ball and begins rolling!
You slash the boulder beetle!
The boulder beetle is lightly wounded.
The boulder beetle is engulfed in freezing vapours.
The boulder beetle closely misses you.
The boulder beetle stops rolling and uncurls.
The shining eye turns its gaze towards you.
You hit the boulder beetle.
The boulder beetle is lightly wounded.
The boulder beetle bites you!
You hit the boulder beetle but do no damage.
The boulder beetle is lightly wounded.
You barely miss the boulder beetle.
The boulder beetle is lightly wounded.
The boulder beetle closely misses you.
You hit the boulder beetle.
The boulder beetle is lightly wounded.
The boulder beetle bites you!
You slash the boulder beetle! Your punch misses the boulder beetle.
The boulder beetle is moderately wounded.
The boulder beetle leaps!
The boulder beetle curls into a ball and begins rolling!
You hit the boulder beetle but do no damage.
The boulder beetle is moderately wounded.
The boulder beetle hits you!!
The boulder beetle stops rolling and uncurls.
You hit the boulder beetle but do no damage.
The boulder beetle is moderately wounded.
The boulder beetle bites you!!
You die...

~## §≈§○
############~~#+++#+++##
###########~~~.........#
##∩.∩.....#~~~~.##+##..#
##.∩.∩....#~~~~##.#.##.####
##..∩.∩...#~~~~#..#..# ...#
##...∩.∩..#~~#####†#####..##
##....∩.⌠.#~##.###'###.##..#
##.....∩.B#@#...##.##...#..#
##..∩.∩...+B'###+.<.'.##'..#
##.∩.∩....#~#...##.##...#...
#▓▓▓▓▓▓▓###~##.###+###.##§..
##!$G######~~####l#.####~~..
#!.G#HH ##~~~#.###.#~~§~~~
#∩Ph+H.# #'#~##.#.##~§§§~§
#?.)#?##.##)#~~##'##~~§≈§§§
#!$.###.~.####~~†~~~~~~§§≈≈


You could see 2 boulder beetles and 2 shining eyes.

Vanquished Creatures
  2 wyverns (D)
  Menkaure (D)
  4 necrophages (D)
  5 scorpions (D)
12 creatures vanquished.

Vanquished Creatures (others)
  A water moccasin (D)
1 creature vanquished.

Grand Total: 13 creatures vanquished

Notes
Turn   | Place    | Note
-------+----------+-------------------------------------------
     0 | D        | rocky1 the Merfolk Gladiator began the quest for the Orb.
     0 | D        | Reached XP level 1. HP: 16/16 MP: 1/1
     1 | D        | Noticed a necrophage
     1 | D        | Noticed a necrophage
     1 | D        | Noticed a necrophage
     1 | D        | Noticed a necrophage
    13 | D        | Killed a necrophage
    14 | D        | Reached XP level 2. HP: 15/24 MP: 2/2
    14 | D        | Reached XP level 3. HP: 17/29 MP: 3/3
    14 | D        | Reached XP level 4. HP: 21/35 MP: 4/4
    18 | D        | Killed a necrophage
    19 | D        | Reached skill level 1 in Armour
    19 | D        | Reached XP level 5. HP: 25/42 MP: 5/5
    36 | D        | Reached skill level 5 in Fighting
    36 | D        | Reached XP level 6. HP: 5/51 MP: 6/6
   194 | D        | Noticed a water moccasin
   196 | D        | Found an iron altar of Okawaru.
   196 | D        | Found a radiant altar of Vehumet.
   196 | D        | Found a glowing silver altar of Zin.
   197 | D        | Killed a water moccasin
   198 | D        | Found a basalt altar of Yredelemnul.
   198 | D        | Found a sparkling altar of Nemelex Xobeh.
   198 | D        | Found a hide-covered altar of Uskayaw.
   199 | D        | Found an opulent altar of Gozag.
   199 | D        | Found a burning altar of Makhleb.
   199 | D        | Found a bloodstained altar of Trog.
   199 | D        | Found a shimmering altar of Xom.
   200 | D        | Found a blossoming altar of Fedhas.
   200 | D        | Found a corrupted altar of Lugonu.
   200 | D        | Found a shimmering blue altar of Sif Muna.
   201 | D        | Found a white marble altar of Elyvilon.
   201 | D        | Found an ancient bone altar of Kikubaaqudgha.
   201 | D        | Found a sacrificial altar of Ru.
   202 | D        | Found a shadowy altar of Dithmenos.
   202 | D        | Found a viscous altar of Jiyva.
   203 | D        | Found a snail-covered altar of Cheibriados.
   205 | D        | Found a hazy altar of Hepliaklqana.
   206 | D        | Found a glowing golden altar of the Shining One.
   206 | D        | Found an ornate altar of the Wu Jian Council.
   206 | D        | Found a stormy altar of Qazlal.
   209 | D        | Noticed a water moccasin
   209 | D        | Noticed a water moccasin
   211 | D        | Noticed a flying skull
   214 | D        | Became a worshipper of Qazlal Stormbringer
   215 | D        | Noticed a flying skull
   241 | D        | Noticed a wyvern
   241 | D        | Noticed a wyvern
   245 | D        | Noticed a boulder beetle
   245 | D        | Noticed a boulder beetle
   256 | D        | Reached skill level 10 in Long Blades
   256 | D        | Reached skill level 10 in Dodging
   256 | D        | Reached skill level 1 in Invocations
   269 | D        | Reached * piety under Qazlal
   279 | D        | Reached XP level 7. HP: 42/58 MP: 9/9
   330 | D        | Noticed an obsidian statue
   332 | D        | Noticed Menkaure
   340 | D        | Killed Menkaure
   485 | D        | Noticed an orange crystal statue
   492 | D        | Found Dirirag's Jewellery Shop.
   494 | D        | Found Zumeph's Book Shop.
   494 | D        | Found Siashrema's Jewellery Boutique.
   494 | D        | Found Zauj's Book Boutique.
   495 | D        | Found Woih's Distillery.
   503 | D        | Reached ** piety under Qazlal
   572 | D        | Found Rorghiutt's Antique Armour Shop.
   572 | D        | Found Gegaoff's Distillery.
   573 | D        | Found Dicsi's Assorted Antiques.
   573 | D        | Found Ovonk's Antique Weapon Boutique.
   574 | D        | Found Xooshead's Antique Armour Boutique.
   574 | D        | Noticed a shining eye
   576 | D        | Found Voscha's Book Shop.
   577 | D        | Noticed a shining eye
   578 | D        | Found Cost's Jewellery Boutique.
   578 | D        | Found Zivotuoqoi's Magic Scroll Shop.
   578 | D        | Noticed a shining eye
   578 | D        | Noticed an oklob plant
   579 | D        | Found Edeoss's Book Shoppe.
   579 | D        | Found Foupha's Armour Boutique.
   580 | D        | Noticed a hell hog
   581 | D        | Noticed a hell hog
   611 | D        | Noticed a manticore
   611 | D        | Noticed a manticore
   612 | D        | Noticed a manticore
   627 | D        | Bought a potion of flight for 39 gold pieces
   627 | D        | Bought a potion of mutation for 104 gold pieces
   627 | D        | Bought 2 potions of curing for 78 gold pieces
   627 | D        | Bought a potion of heal wounds for 65 gold pieces
   667 | D        | Killed a wyvern
   668 | D        | Reached skill level 1 in Stealth
   668 | D        | Reached skill level 5 in Invocations
   681 | D        | Killed a wyvern
   682 | D        | Reached XP level 8. HP: 31/67 MP: 12/12
  1024 | D        | Slain by a boulder beetle

Illustrated notes

Levels and vault maps discovered:
D:        the_violet_keep_of_menkaure [sprint2_stairs_cluster_1,
          sprint2_shoproom, sprint2_temple, sprint2_basic_supplies,
          sprint2_obstacle_4, sprint2_obstacle_1, sprint2_obstacle_3,
          sprint2_obstacle_6, sprint2_obstacle_5, sprint2_timed_cluster_1,
          sprint2_smallroom_cluster_1, sprint2_smallroom_final_cluster_1,
          sprint2_transparent_cluster_1, sprint2_second_timed_cluster_1,
          sprint2_sniper_area_1, sprint2_heavy_combat_area_1,
          sprint2_mutation_trap_area_1, sprint2_forest_area_1,
          sprint2_light_combat_area_1, sprint2_behind_water_1,
          sprint2_near_end_vault_1]

Skill      XL: |  1  2  3  4  5  6  7 |
---------------+----------------------+-----
Fighting       | 3 4 5 6 7 |  7.0
Long Blades    | 6 8 9 11 12 | 12.7
Throwing       | 3 4 |  4.1
Dodging        | 6 8 9 11 12 | 12.5
Armour         | 1 2 3 |  3.6
Invocations    | 3 6 |  6.1
Stealth        | 1 |  1.1

Action                   |  1- 3 |  4- 6 |  7- 9 || total
-------------------------+-------+-------+-------++-------
Melee: Long sword        |    11 |    49 |    60 ||   120
       Tailslap          |       |       |     9 ||     9
       Punch             |       |       |     1 ||     1
  Use: Potion            |     1 |       |       ||     1
Armor: Leather armour    |     1 |     4 |     3 ||     8
Dodge: Dodged            |     3 |    38 |    31 ||    72
Block: Other             |       |     1 |     2 ||     3

Table legend: (Time is in decaauts)
 A = Elapsed time spent in this place.
 B = Non-inter-level travel time spent in this place.
 C = Inter-level travel time spent in this place.
 D = Time resting spent in this place.
 E = Time spent auto-exploring this place.
 F = Levels seen in this place.
 G = Mean time per level.
                   A        B        C        D        E       F      G
               +--------+--------+--------+--------+--------+-----+--------+
         Total |    980 |    980 |      0 |    637 |      0 |   1 |  980.0 |
       Dungeon |    980 |    980 |      0 |    637 |      0 |   1 |  980.0 |
               +--------+--------+--------+--------+--------+-----+--------+

Top non-repeatable levels by time:
       D: 980 daAuts
